Map: Central Protocol

Players

FlavA

  • Race: Zerg Zerg
  • League: Bronze

juhyg - Winner!

  • Race: Protoss Protoss
  • League: Bronze

VOD

Have the link to the VOD?

Description

Time

  • Played on: Nov. 19, 2015, 10:01 p.m.
  • Length: 13:15
Show
View Real Time Build Order
Export as new Build Order

FlavA Zerg 

Build Orders: Hatch First 

Get SALT Encoding   

  12  0:01  Drone  
  13  0:09  Drone  
  14  0:17  Extractor x2  
  14  0:18  Drone  
  13  0:22  Drone  
  16  0:46  Hatchery  
  15  1:03  Spawning Pool  
  14  1:06  Overlord  
  14  1:15  Drone, Extractor  
  14  1:20  Drone, Extractor  
  15  1:29  Drone x2  
  18  1:39  Drone  
  19  1:50  Queen  
  19  1:52  Drone  
  22  1:58  Queen  
  22  2:00  Drone  
  22  2:01  Drone  
  26  2:16  Zergling x2  
  27  2:28  Queen, Roach Warren  
  28  2:35  Extractor  
  28  2:36  Queen, Extractor  
  28  2:38  Extractor  
  28  2:39  Extractor  
  28  2:40  Drone x2  
  28  2:51  Overlord  
  28  2:52  Overlord  
  30  3:13  Roach x2  
  32  3:28  Roach x2  
  32  3:29  Roach x2  
  40  3:39  Roach  
  42  3:59  Roach  
  42  4:00  Overlord  
  44  4:26  Hatchery  
  44  4:27  Drone  
  44  4:51  Overlord x2  
  44  5:22  Spore Crawler  
  44  5:24  Drone, Spore Crawler  
  44  5:25  Drone x3  
  46  5:38  Drone x2  
  46  5:39  Drone  
  49  5:58  Drone x4  
  49  5:59  Drone  
  44  7:15  Roach x5  
  47  7:16  Roach x6  
  59  7:28  Overlord x4  
  59  7:44  Drone x4  
  51  7:53  Spore Crawler  
  49  8:03  Drone x3  
  51  8:09  Lair  
  51  8:14  Queen  
  53  8:21  Spore Crawler  
  53  8:23  Roach  
  53  8:24  Roach x3  
  60  8:28  Drone  
  61  8:35  Drone  
  62  8:53  Spore Crawler  
  62  8:54  Spore Crawler  
  60  9:00  Spore Crawler  
  59  9:04  Roach x6  
  59  9:08  Ravager x4  
  59  9:09  Ravager x5  
  81  9:10  Ravager x2  
  80  9:30  Roach  
  82  9:36  Spire  
  81  9:52  Drone x3  
  84  9:53  Drone x6  
  90  10:01  Spore Crawler  
  37  10:38  Roach x4  
  37  10:39  Roach x3  
  37  10:40  Roach  
  37  10:41  Roach  
  37  10:42  Roach x2  
  56  10:43  Roach  
  55  10:50  Mutalisk  
  53  11:18  Mutalisk  
  55  11:52  Mutalisk  
  57  12:02  Zergling x6  
  57  12:03  Zergling x6  
  57  12:04  Zergling x12  
  57  12:05  Zergling x4  
  71  12:22  Mutalisk  
  67  12:23  Mutalisk  
  67  12:27  Zergling x6  
  67  12:28  Zergling x2  
  49  12:45  Zergling x10  
Show
View Real Time Build Order
Export as new Build Order

juhyg Protoss - Winner!

Build Orders: Colossus Rush 

Get SALT Encoding   

  12  0:12  Pylon  
  12  0:18  Assimilator  
  12  0:22  Probe (Chrono Boost)  
  13  0:38  Gateway  
  13  0:44  Probe (Chrono Boost)  
  14  0:54  Probe (Chrono Boost)  
  15  1:05  Probe (Chrono Boost)  
  16  1:15  Probe (Chrono Boost)  
  17  1:26  Cybernetics Core, Probe (Chrono Boost)  
  17  1:27  Pylon  
  18  1:37  Probe (Chrono Boost)  
  19  1:43  Zealot  
  21  1:51  Assimilator, Probe (Chrono Boost)  
  22  2:01  Probe (Chrono Boost)  
  22  2:02  Warp Gate (Chrono Boost)  
  23  2:13  Probe  
  24  2:24  Robotics Facility  
  24  2:27  Pylon  
  24  2:48  Adept  
  26  2:59  Mothership Core  
  28  3:11  Warp Prism (Chrono Boost)  
  30  3:27  Robotics Bay  
  30  3:32  Gateway  
  30  3:34  Gateway  
  30  3:37  Pylon  
  30  3:55  Adept  
  32  4:17  Stalker  
  32  4:20  Disruptor (Chrono Boost)  
  37  4:39  Stalker  
  39  4:51  Disruptor (Chrono Boost)  
  39  4:52  Adept x2  
  46  5:11  Twilight Council  
  46  5:24  Pylon  
  46  5:25  Pylon  
  46  5:26  Pylon  
  46  5:42  Colossus (Chrono Boost)  
  52  5:51  Zealot x3  
  58  6:27  Zealot x3  
  64  6:40  Immortal (Chrono Boost)  
  60  6:51  Adept x2  
  60  6:52  Adept  
  62  7:15  Immortal (Chrono Boost)  
  62  7:22  Stalker x2  
  60  7:34  Zealot  
  60  8:10  Probe  
  60  8:12  Zealot  
  63  8:58  Pylon  
  63  8:59  Pylon  
  63  9:16  Probe  
  64  9:25  Stalker x2  
  64  9:28  Probe  
  69  9:40  Probe  
  70  9:52  Probe  
  71  10:04  Probe  
  72  10:10  Zealot x2  
  72  10:11  Zealot  
  50  10:29  Zealot x3  
  48  10:56  Stalker  
  48  10:57  Stalker x2  
  48  11:22  Zealot x3  
  54  11:47  Zealot  
  54  11:48  Zealot x2  
  58  11:59  Zealot  
  44  13:07  Zealot x3  
Tags
 
Add a new tag
Caveats
  • Supply blocks, unpowered buildings, or Contaminate may cause inaccurate times.
  • Supply counts are checked every 10 seconds.